 Dungeon Crawl Stone Soup version 0.32-a0-86-g8db1b9f803 (webtiles) character file.

Game seed: 11044970870185167198

1011 Ceno the Sneak (level 8, -8/36 (38) HPs)
             Began as a Vine Stalker Earth Elementalist on Feb 6, 2024.
             Was a Follower of Uskayaw.
             Shot with an arrow by a centaur (12 damage)
             ... on level 6 of the Dungeon.
             The game lasted 00:15:55 (5953 turns).

Ceno the Sneak (Vine Stalker Earth Elementalist)    Turns: 5953, Time: 00:15:56

HP:   -8/36 (38)    AC:  3    Str: 11    XL:     8   Next: 21%
MP:   0/15          EV: 12    Int: 15    God:    Uskayaw [*.....]
Gold: 237           SH:  5    Dex: 17    Spells: 8/15 levels left

rFire   . . .        b - +1 short sword (venom)
rCold   . . .        (no shield)
rNeg    . . .        c - +1 robe
rPois   .            (no helmet)
rElec   .            (no cloak)
rCorr   .            (no gloves)
SInv    .            (no boots)
Will    +++..        s - amulet of reflection
Stlth   +++          e - ring of willpower
HPRegen 1.06/turn    p - ring of willpower
MPRegen 0.14/turn

%: reflection, guardian spirit
@: drained
A: fangs 3, regeneration 1, magic shield, antimagic bite, no potion heal 2
a: Renounce Religion, Stomp


You were on level 6 of the Dungeon.
You worshipped Uskayaw.
Uskayaw was noncommittal.
You visited 2 branches of the dungeon, and saw 7 of its levels.
You also visited: Sewer.

You collected 237 gold pieces.

Inventory:

Hand Weapons
 a - a +0 dagger
 b - a +1 short sword of venom (weapon)
Missiles
 h - 35 stones (quivered)
 q - 23 poisoned darts
Armour
 c - a +1 robe (worn)
Jewellery
 e - a ring of willpower (left hand)
 p - a ring of willpower (right hand)
 s - an amulet of reflection (around neck)
 x - a ring of resist corrosion
 y - a ring of positive energy
Scrolls
 d - a scroll of poison
 g - 2 scrolls of teleportation
 j - a scroll of brand weapon {unknown}
 l - 2 scrolls of revelation
 m - a scroll of vulnerability {unknown}
 o - 2 scrolls of fear
 r - a scroll of enchant armour
 w - a scroll of acquirement {unknown}
 A - a scroll of amnesia {unknown}
Potions
 f - 4 potions of curing
 i - 2 potions of magic
 k - a potion of might {unknown}
 n - 2 potions of haste
 t - a potion of ambrosia {unknown}
 u - 2 potions of invisibility {unknown}
 v - a potion of lignification {unknown}
 z - a potion of attraction {unknown}


   Skills:
 + Level 1.7 Fighting
 + Level 2.5 Short Blades
 - Level 1.5 Dodging
 + Level 6.4 Stealth
 - Level 4.0 Spellcasting
 - Level 4.0 Conjurations
 + Level 5.5 Earth Magic


You had 8 spell levels left.
You knew the following spells:

 Your Spells              Type           Power      Damage    Failure   Level
a - Sandblast             Erth           38%        2d10      1%          1
b - Passwall              Erth           19%        N/A       5%          3
c - Stone Arrow           Conj/Erth      34%        3d9       8%          3

Your spell library contained the following spells:

 Spells                   Type           Power      Damage    Failure   Level
 Ensorcelled Hibernation  Hex/Ice        6%         N/A       26%         2
 Brom's Barrelling Bould  Conj/Erth      17%        2d4       26%         4
 Fugue of the Fallen      Necr           3%         N/A       47%         3
 Volatile Blastmotes      Fire/Tloc      6%         2d10      47%         3
 Petrify                  Alch/Erth      11%        N/A       50%         4
 Fulminant Prism          Conj/Alch      4%         3d5       61%         4
 Iskenderun's Mystic Bla  Conj/Tloc      9%         2d4       61%         4
 Anguish                  Hex/Necr       1%         N/A       87%         4


Dungeon Overview and Level Annotations

Branches:
Dungeon (6/15)             Temple (1/1) D:4           Sewer (visited)

Altars:
Ashenzari
Cheibriados
Makhleb
Nemelex Xobeh
Okawaru
Qazlal
Ru
Trog
Uskayaw
Wu Jian
Xom
Yredelemnul
Zin

Shops:
D:4 !

Annotations:
D:4 Dowan, Duvessa
D:5 Edmund, Grinder
D:6 Prince Ribbit


Innate Abilities, Weirdness & Mutations

You have razor-sharp teeth.
Your natural rate of healing is unusually fast.
When hurt, damage is shared between your health and your magic reserves.
Your bite disrupts and absorbs the magic of your enemies.
Potions cannot restore your health.


Message History

You block the arrow with an invisible shield... and reflect it back!
The arrow completely misses the centaur.
You start resting.
A wight is nearby!
The centaur shoots an arrow.
The arrow hits you!
The centaur unwields a +0 orcbow.
The centaur misses you. The centaur kicks you.
You barely miss the centaur.
The centaur is moderately wounded.
The centaur hits you. You block the centaur's attack.
The iguana barely misses you.
You hit the centaur. You bite the centaur, but do no damage.
The centaur is heavily wounded.
The centaur hits you. The centaur closely misses you.
You block the iguana's attack. The wight misses you.
You closely miss the centaur. You bite the centaur, but do no damage.
The centaur is heavily wounded.
You block the centaur's attack. The centaur kicks you.
The centaur hits you but does no damage.
The centaur misses you. The iguana barely misses you.
You hit the centaur.
The centaur is poisoned.
You bite the centaur. You drain its power.
You feel invigorated.
The centaur is severely wounded.
The wight hits you from afar with a +2 trident of protection!
You feel drained. The centaur hits you.
The centaur kicks you but does no damage.
The centaur wields a +0 orcbow.
The centaur shoots an arrow.
The arrow hits you!
* * * LOW HITPOINT WARNING * * *
The iguana attacks as it pursues you! The iguana bites you.
* * * LOW HITPOINT WARNING * * *
The wight attacks as it pursues you! You block the wight's attack.
The centaur shoots an arrow.
The arrow closely misses you.
The wight hits you from afar with a +2 trident of protection.
* * * LOW HITPOINT WARNING * * *
You feel drained.
* * * LOW HITPOINT WARNING * * *
The centaur shoots an arrow.
The arrow hits you!
You die...
Your body falls in perfect tune with the rhythm.

#...#.......##..####............
#.#.#.......##..######..#....##.
#.#..........#>.######.#####....
#.#.............######.# #....
#.#....>......#.####...#***#.##.
#.#.............####.####,,...,.
#.#.........#.....c.....#.*#.c,,
#.####.#..#.###...........#...l,
#.# #....#.###@.lz.....###...<,
#.# ##.....###.##.......#*,,,,,
#.####......###.##.........,,,,,
#..#........###.#.......###.~~,,
##...#......###.#.......# *,≈∩~,
#...#......###.#.####### **~~~,
#...#......###.#.##### **,,,
#...#......###.#.##### **,*
#..........# #.#.# **,*


You could see a centaur (very poisoned), an iguana and a wight.

Vanquished Creatures
  Pargi (Sewer)
  A centaur (D:6)
  2 brain worms (Sewer)
  A kobold brigand (D:6)
  A scorpion (D:4)
  2 wights
  4 hounds
  A jelly (D:5)
  An orc priest (D:5)
  4 iguanas
  An orc wizard (D:5)
  8 adders
  A river rat (D:5)
  A dart slug (D:2)
  2 ribbon worms
  6 orcs
  4 ball pythons
  2 bats (D:2)
  4 endoplasms
  6 giant cockroaches
  9 goblins
  4 hobgoblins
  5 quokkas
  7 frilled lizards
  13 kobolds
  8 rats
99 creatures vanquished.

Notes
Turn   | Place    | Note
-------+----------+-------------------------------------------
     0 | D:1      | Ceno the Vine Stalker Earth Elementalist began the quest
                  | for the Orb.
     0 | D:1      | Reached XP level 1. HP: 9/9 MP: 4/4
   161 | D:1      | Reached XP level 2. HP: 13/13 MP: 1/6
   473 | D:1      | Reached skill level 3 in Stealth
   638 | D:1      | Reached XP level 3. HP: 16/16 MP: 7/7
   672 | D:1      | Learned a level 3 spell: Passwall
   676 | D:1      | Learned a level 3 spell: Stone Arrow
  1800 | D:2      | You fall into a shaft and drop 2 floors!
  1833 | D:4      | Reached XP level 4. HP: 16/21 MP: 2/9
  2860 | D:3      | Identified the +2 scale mail "Sitsod" {+Blink Int+2 Dex-3}
  2869 | D:3      | Reached XP level 5. HP: 22/24 MP: 7/10
  3040 | D:4      | Found Lelet's Distillery.
  3218 | D:4      | Found a shimmering altar of Xom.
  3246 | D:4      | Found a staircase to the Ecumenical Temple.
  3264 | Temple   | Entered the Ecumenical Temple
  3277 | Temple   | Became a worshipper of Uskayaw the Reveller
  3299 | D:4      | Reached * piety under Uskayaw
  3301 | D:4      | Reached skill level 4 in Stealth
  3420 | D:4      | Reached ** piety under Uskayaw
  3476 | D:4      | Noticed Duvessa
  3476 | D:4      | Noticed Dowan
  3878 | D:4      | Reached XP level 6. HP: 26/28 MP: 5/12
  3932 | D:5      | Entered Level 5 of the Dungeon
  4034 | D:5      | Noticed Edmund
  4414 | D:5      | Found a glowing drain.
  4431 | Sewer    | Entered a sewer
  4463 | Sewer    | Reached skill level 5 in Stealth
  4553 | Sewer    | Reached XP level 7. HP: 32/32 MP: 14/14
  4587 | Sewer    | Noticed Pargi
  4604 | Sewer    | Killed Pargi
  4605 | Sewer    | Reached skill level 1 in Short Blades
  4932 | D:5      | Reached skill level 5 in Earth Magic
  5221 | D:5      | Noticed Grinder
  5520 | D:5      | Reached *** piety under Uskayaw
  5522 | D:5      | Reached skill level 1 in Fighting
  5522 | D:5      | Reached skill level 6 in Stealth
  5679 | D:6      | Gained mutation: You have razor-sharp teeth. [Vine Stalker
                  | growth]
  5679 | D:6      | Reached XP level 8. HP: 24/37 MP: 9/15
  5883 | D:6      | Noticed Prince Ribbit
  5953 | D:6      | Shot with an arrow by a centaur

Illustrated notes

Levels and vault maps discovered:
D:1:      wheals_arrival_linesprint, layout_loops_corners, solitary_fountain,
          nicolae_wormholes
D:2:      layout_loops_ring
D:3:      layout_loops_corners, kennysheep_cluttered_room
D:4:      layout_basic, mainiacjoe_overflow_swirl, minmay_temple_entry_slanted,
          serial_shops, shop, uniq_duvessa
D:5:      layout_basic, gup_sewer_entry_bubbles, uniq_grinder, uniq_edmund
D:6:      layout_rooms, serial_shops, nicolae_shop_tiny_waterfront,
          uniq_prince_ribbit1
Temple:   nicolae_temple_ecumenical_triangle

Skill      XL: |  1  2  3  4  5  6  7 |
---------------+----------------------+-----
Stealth        | 3 4 5 6 |  6.4
Conjurations   | 2 3 4 |  4.0
Spellcasting   | 3 4 |  4.0
Earth Magic    | 4 5 |  5.5
Short Blades   | 2 |  2.5
Fighting       | 1 |  1.7
Dodging        | |  1.5

Action                     |  1- 3 |  4- 6 |  7- 9 || total
---------------------------+-------+-------+-------++-------
  Melee: Unarmed           |     1 |       |       ||     1
         Dagger            |    60 |     2 |       ||    62
         Bite              |    17 |    20 |    35 ||    72
         Short sword       |     9 |    91 |    89 ||   189
         Punch             |     3 |     5 |     5 ||    13
  Throw: Stone             |       |     4 |     5 ||     9
   Cast: Sandblast         |    28 |    13 |    11 ||    52
         Passwall          |     2 |     4 |     1 ||     7
    Use: Scroll            |       |       |     7 ||     7
   Stab: Sleeping          |     8 |     9 |     4 ||    21
         Paralysed         |       |       |     1 ||     1
 Armour: Robe              |    31 |    42 |    70 ||   143
  Dodge: Dodged            |    32 |    29 |    60 ||   121
  Block: Other             |       |    16 |    29 ||    45
         Reflection        |       |     1 |     2 ||     3

Table legend: (Time is in decaauts)
 A = Elapsed time spent in this place.
 B = Non-inter-level travel time spent in this place.
 C = Inter-level travel time spent in this place.
 D = Time resting spent in this place.
 E = Time spent auto-exploring this place.
 F = Levels seen in this place.
 G = Mean time per level.
                   A        B        C        D        E       F      G
               +--------+--------+--------+--------+--------+-----+--------+
         Total |   6033 |   5764 |    269 |    267 |   3921 |   8 |  754.1 |
       Dungeon |   5720 |   5451 |    269 |    254 |   3793 |   6 |  953.3 |
        Temple |     18 |     18 |      0 |      0 |      0 |   1 |   18.0 |
         Sewer |    294 |    294 |      0 |     13 |    128 |   1 |  294.0 |
               +--------+--------+--------+--------+--------+-----+--------+

Top non-repeatable levels by time:
     D:5: 1442 daAuts
     D:1: 1170 daAuts
     D:3: 977 daAuts
     D:4: 927 daAuts
     D:2: 853 daAuts
     D:6: 349 daAuts
   Sewer: 294 daAuts
  Temple: 18 daAuts
